Map: [ESL] Moondance

Players

Vindicta - Winner!

  • Race: Terran Terran
  • Spawn Location: 6:00

PiLiPiLi

  • Race: Protoss Protoss
  • Spawn Location: 12:00

Event: DreamHack SC2 Masters 2022 Atlanta (Online)

VOD

Have the link to the VOD?

Description

Time

  • Played on: Oct. 6, 2022, 4:53 p.m.
  • Length: 27:14

All games in this series

Show
View Real Time Build Order
Export as new Build Order

Vindicta Terran - Winner!

Build Orders:  

Get SALT Encoding   

  12  0:00  SCV  
  13  0:12  SCV  
  14  0:16  Supply Depot  
  14  0:24  SCV  
  15  0:38  SCV  
  15  0:39  Barracks  
  16  0:43  Refinery  
  16  0:50  SCV  
  16  0:53  Refinery  
  17  1:02  SCV  
  18  1:14  SCV  
  19  1:26  Reaper, Orbital Command  
  19  1:32  Supply Depot  
  20  1:46  Factory  
  20  1:52  SCV  
  21  2:03  Barracks Reactor  
  21  2:04  SCV  
  22  2:16  SCV  
  23  2:28  Command Center, SCV  
  24  2:32  Widow Mine  
  26  2:39  Marine x2  
  26  2:42  SCV  
  29  2:48  Supply Depot  
  29  2:53  Widow Mine  
  31  3:00  Starport  
  31  3:09  SCV, Marine x2  
  34  3:20  Widow Mine  
  34  3:21  SCV  
  36  3:27  Marine x2  
  36  3:34  SCV  
  39  3:39  Viking  
  39  3:40  Barracks  
  41  3:42  Orbital Command  
  41  3:46  Factory Tech Lab  
  41  3:48  Marine  
  41  3:50  Marine  
  41  3:53  SCV  
  44  4:04  Cyclone  
  44  4:05  SCV  
  44  4:08  Orbital Command  
  48  4:11  Viking  
  48  4:15  Marine  
  48  4:16  Marine  
  52  4:23  Supply Depot  
  52  4:29  SCV  
  53  4:34  SCV  
  54  4:42  Stimpack  
  54  4:44  Marine x2  
  54  4:45  SCV  
  57  4:46  Barracks, SCV  
  57  4:49  Factory Tech Lab  
  58  4:54  Supply Depot  
  58  4:57  SCV  
  58  4:58  SCV, Marine, Starport Reactor  
  61  5:05  Engineering Bay  
  61  5:09  SCV, Refinery  
  62  5:15  Marine  
  62  5:18  Marine x2  
  66  5:24  Supply Depot  
  65  5:28  SCV x2  
  65  5:29  Factory Reactor  
  65  5:32  Bunker  
  65  5:33  Marine  
  65  5:35  Terran Infantry Weapons Level 1  
  66  5:36  Marine x2  
  66  5:40  SCV  
  70  5:44  Combat Shield  
  70  5:45  SCV  
  70  5:47  Supply Depot  
  71  5:51  Medivac, Marine  
  71  5:52  Medivac  
  71  5:53  SCV  
  71  5:55  Marauder  
  78  6:05  Supply Depot  
  78  6:08  Marine  
  78  6:09  SCV x2, Widow Mine x2  
  78  6:11  Refinery, Marine  
  86  6:21  SCV, Marine x2  
  89  6:26  Marine  
  89  6:27  SCV  
  89  6:28  Supply Depot  
  89  6:30  Medivac x2  
  96  6:33  SCV  
  96  6:37  Concussive Shells  
  96  6:39  SCV  
  99  6:42  Marine  
  99  6:43  Marauder x2  
  102  6:50  SCV, Marine  
  104  6:56  Command Center  
  104  7:00  Marine  
  102  7:04  Marine  
  102  7:07  Marine  
  104  7:09  SCV  
  104  7:15  Widow Mine  
  104  7:18  Marauder  
  104  7:22  Marine  
  102  7:23  Barracks x2  
  102  7:24  Marine  
  102  7:26  Marine  
  90  7:31  Terran Infantry Armor Level 1  
  90  7:33  Medivac  
  90  7:34  SCV  
  88  7:41  Marine  
  88  7:42  SCV, Marauder  
  88  7:43  Widow Mine  
  87  7:46  SCV  
  87  7:48  Ghost Academy, Marine  
  87  7:49  Marine  
  89  7:52  Widow Mine  
  89  7:54  SCV  
  89  7:58  Liberator, SCV  
  96  7:59  Marine  
  96  8:03  Marine  
  98  8:06  Marine  
  98  8:08  Widow Mine, Marauder  
  98  8:10  SCV, Orbital Command  
  98  8:11  Barracks Reactor  
  104  8:15  SCV  
  104  8:17  Marine  
  104  8:18  Barracks Tech Lab  
  104  8:19  Widow Mine  
  108  8:20  Enhanced Shockwaves  
  108  8:22  Marauder  
  108  8:23  Refinery  
  108  8:26  Marine  
  110  8:28  Ghost  
  110  8:32  Widow Mine  
  107  8:35  Marine  
  107  8:37  Marine  
  107  8:40  SCV  
  107  8:41  Widow Mine  
  109  8:42  SCV, Marine  
  109  8:44  Marine  
  113  8:51  Missile Turret  
  113  8:53  Marine  
  113  8:54  Widow Mine, Marine  
  113  8:55  Marine  
  117  8:56  Liberator x2  
  117  9:00  Marine  
  117  9:01  Supply Depot, SCV  
  125  9:03  Supply Depot  
  125  9:20  SCV x2, Marine  
  125  9:21  Marauder, Marine  
  125  9:22  Marine, Ghost  
  125  9:24  Supply Depot  
  136  9:26  Supply Depot  
  136  9:32  Marine  
  136  9:33  SCV  
  136  9:38  Supply Depot  
  136  9:39  Factory Tech Lab  
  136  9:43  Armory  
  136  9:44  Ghost  
  136  9:45  Marine  
  139  9:47  Marine x2  
  139  9:51  Command Center, Ghost  
  140  9:55  Marine  
  143  10:01  Siege Tank  
  146  10:07  Supply Depot  
  146  10:08  Marine  
  146  10:09  Supply Depot  
  146  10:10  Liberator  
  146  10:14  Liberator  
  148  10:19  Supply Depot  
  151  10:21  Ghost  
  153  10:29  Engineering Bay  
  153  10:34  Siege Tank  
  158  10:39  Terran Ship Weapons Level 1  
  158  10:40  Terran Infantry Weapons Level 2, Marine x2  
  158  10:42  SCV  
  159  10:47  Ghost  
  159  10:48  Marine  
  162  10:51  Marine  
  162  10:52  Marauder  
  163  11:06  Siege Tank  
  164  11:13  Marauder  
  164  11:14  Terran Infantry Armor Level 2  
  164  11:15  Marine x2  
  164  11:16  Marauder  
  164  11:17  Marine  
  170  11:19  SCV x3  
  168  11:27  Marine  
  168  11:31  SCV  
  170  11:33  Marine x2  
  170  11:35  Marauder  
  170  11:36  Planetary Fortress  
  174  11:40  Marine  
  174  11:42  Marine  
  174  11:43  Siege Tank  
  174  11:49  Ghost  
  176  11:55  Marine x2  
  176  11:56  Marauder  
  176  12:00  Marauder  
  176  12:01  Marine  
  183  12:03  SCV  
  174  12:13  Marine  
  174  12:14  Marine  
  144  12:15  Siege Tank  
  144  12:16  Marine  
  144  12:17  Ghost  
  144  12:18  Marauder  
  144  12:19  Marine  
  144  12:21  Ghost  
  152  12:25  SCV  
  147  12:31  Marine x2  
  147  12:35  Barracks x2  
  147  12:36  Barracks  
  149  12:37  Medivac  
  145  12:45  Refinery x2  
  145  12:46  Starport  
  145  12:48  SCV  
  145  12:53  Terran Ship Weapons Level 2  
  145  12:54  Marauder  
  145  12:56  SCV  
  145  12:57  SCV  
  144  12:58  Marine  
  144  13:03  Ghost  
  144  13:04  Marine x2  
  149  13:06  Marine x2  
  151  13:15  Marine  
  151  13:17  Missile Turret  
  151  13:18  Siege Tank  
  151  13:19  Marine  
  156  13:20  SCV, Missile Turret  
  156  13:22  Marine x3  
  156  13:23  Marine  
  156  13:26  Terran Infantry Weapons Level 3  
  157  13:28  Marine  
  157  13:37  Liberator x2  
  161  13:48  Marine  
  165  13:56  Missile Turret  
  165  13:58  Ghost  
  165  14:00  Missile Turret  
  165  14:01  Command Center  
  167  14:12  Fusion Core  
  160  14:18  Ghost  
  160  14:19  Liberator  
  160  14:20  Barracks Tech Lab x2, Marauder, Marine x4  
  160  14:21  Marine  
  160  14:23  Liberator  
  172  14:27  Marauder  
  172  14:28  SCV  
  175  14:33  SCV x2  
  175  14:38  Marine x4  
  177  14:40  Terran Infantry Armor Level 3  
  177  14:45  Missile Turret x2  
  180  14:49  Command Center  
  180  14:52  SCV x3  
  186  15:00  Ghost  
  186  15:02  Medivac  
  186  15:03  Marauder  
  186  15:04  Marauder  
  186  15:06  Liberator  
  194  15:09  Terran Vehicle And Ship Armor Level 1, Marine  
  194  15:14  Advanced Ballistics  
  195  15:17  Starport Reactor  
  195  15:21  Missile Turret  
  195  15:24  Starport Reactor  
  195  15:32  Armory, Marine  
  195  15:33  Refinery, Missile Turret  
  195  15:35  Missile Turret  
  198  15:36  Missile Turret, Marine  
  198  15:37  Refinery, Marauder, Marine  
  200  15:47  Planetary Fortress  
  200  15:52  Starport  
  198  16:20  Missile Turret  
  198  16:21  Orbital Command  
  198  16:22  Missile Turret  
  198  16:25  Medivac x2, Barracks Tech Lab  
  200  16:26  Command Center  
  200  16:31  Liberator, Missile Turret  
  197  16:33  Missile Turret  
  197  16:34  Liberator  
  197  16:37  Viking  
  197  16:41  Missile Turret  
  197  16:43  Neosteel Armor  
  197  16:46  Siege Tank  
  192  16:55  Viking x2  
  192  16:59  Armory  
  193  17:07  Viking  
  191  17:14  Viking  
  188  17:17  Viking, Hi-Sec Auto Tracking  
  188  17:18  Missile Turret  
  188  17:20  Siege Tank  
  193  17:28  Viking  
  191  17:30  Viking, Missile Turret  
  191  17:36  Marine  
  149  17:37  Viking  
  190  17:43  Rapid Reignition System  
  190  17:44  Viking  
  194  17:47  Medivac  
  194  17:50  Ghost  
  198  17:58  Medivac, Marine  
  200  18:08  Orbital Command  
  197  18:22  Viking  
  197  18:23  Marauder, Marine  
  196  18:29  Viking x2  
  196  18:30  Liberator  
  196  18:32  Marine  
  196  18:33  Marauder  
  170  18:42  Marine  
  170  18:43  Marauder x2, Marine  
  170  18:46  Marine  
  170  18:47  Marine  
  161  18:52  Marine, Ghost  
  161  18:54  Marine  
  160  18:58  Viking  
  160  19:00  Marine x2  
  167  19:03  Marine  
  167  19:04  Marine x2  
  165  19:10  Marine  
  165  19:12  Marine  
  165  19:16  Orbital Command  
  158  19:18  Marine x2  
  158  19:21  Marine x2  
  158  19:22  Marine x2  
  164  19:28  Marine  
  164  19:30  Marine  
  169  19:35  Marine  
  169  19:36  Marine  
  168  19:38  Marine  
  168  19:39  Marine  
  168  19:40  Marine x2  
  161  19:45  Marine  
  161  19:47  Marine  
  151  19:53  Marine  
  151  19:54  Marine  
  151  19:56  Marine  
  151  19:57  Marine  
  151  19:58  Marine  
  141  20:03  Marine  
  135  20:07  Marine  
  135  20:11  Marine  
  135  20:12  Marine  
  132  20:14  Marine  
  132  20:15  Barracks x2, Marine  
  132  20:16  Marine  
  132  20:18  Starport  
  132  20:19  Barracks  
  130  20:21  Marine  
  130  20:25  Marine  
  130  20:28  Starport  
  131  20:29  Marine  
  131  20:30  Marine  
  131  20:31  Refinery  
  131  20:32  Starport, Marine x2  
  131  20:33  Starport  
  135  20:41  Missile Turret  
  135  20:45  Missile Turret  
  135  20:47  Marine  
  135  20:51  Starport  
  135  20:53  Starport  
  135  20:55  Starport Reactor  
  141  21:01  Orbital Command  
  136  21:07  Viking  
  136  21:08  Viking, Marine x2  
  136  21:09  Marine  
  136  21:11  Liberator  
  141  21:22  Missile Turret  
  141  21:24  Missile Turret  
  140  21:25  Refinery  
  140  21:26  Missile Turret, Marine x3  
  140  21:27  Missile Turret  
  143  21:33  Liberator  
  143  21:34  Liberator  
  143  21:37  Liberator  
  153  21:40  Supply Depot  
  153  21:43  Marine  
  153  21:44  Marine x2  
  152  21:51  Liberator x2  
  152  21:52  Missile Turret  
  152  21:53  Liberator, Missile Turret  
  158  22:01  Marine  
  158  22:02  Marine x2  
  160  22:11  Supply Depot x2  
  160  22:12  Orbital Command  
  160  22:21  Marine  
  157  22:23  Viking  
  157  22:29  Liberator x2  
  152  22:31  Marine  
  152  22:32  Marine  
  152  22:34  Liberator x2  
  152  22:36  Medivac  
  150  22:39  Marine  
  146  22:49  Marine  
  146  22:50  Marine  
  111  22:57  Marine  
  102  22:59  Refinery  
  102  23:00  Refinery  
  102  23:05  SCV x2  
  104  23:06  Liberator, Marine  
  104  23:07  Barracks  
  104  23:08  Barracks, Marine  
  104  23:10  Barracks  
  104  23:11  Liberator  
  114  23:15  Marine  
  115  23:20  Viking  
  115  23:22  Viking  
  115  23:24  Marine  
  115  23:26  Marine  
  116  23:29  SCV  
  116  23:32  Marine  
  118  23:37  Barracks  
  112  23:42  Marine  
  112  23:44  Marine  
  111  23:50  Medivac, Marine  
  111  23:52  Viking  
  111  23:54  Viking  
  111  23:55  Marine  
  109  23:56  Marine  
  109  23:58  Marine  
  109  24:00  Marine  
  109  24:01  Marine  
  108  24:08  Marine  
  88  24:13  Marine x2  
  88  24:16  Marine  
  87  24:18  Marine  
  87  24:19  Marine  
  95  24:26  Marine x2  
  95  24:27  Barracks  
  95  24:31  Marine x2  
  100  24:34  Marine  
  100  24:36  Marine  
  100  24:37  Marine  
  105  24:43  Command Center  
  105  24:44  Marine x2  
  104  24:49  Marine x2  
  104  24:52  Factory, Marine  
  103  24:53  Marine  
  103  24:55  Marine  
  100  25:02  Marine x2  
  100  25:06  Marine  
  99  25:07  Marine  
  99  25:09  Marine  
  99  25:13  SCV, Marine  
  104  25:15  Marine  
  104  25:19  Marine  
  104  25:20  Marine  
  105  25:24  Marine  
  105  25:25  Marine  
  105  25:27  Marine  
  108  25:30  Marine x2  
  108  25:31  SCV, Marine  
  108  25:32  Marine  
  113  25:37  Factory Reactor, Starport, Marine  
  113  25:38  Orbital Command, Marine  
  113  25:42  Marine x2  
  116  25:45  Marine  
  116  25:48  Barracks, Marine x3  
  116  25:49  Barracks  
  119  25:50  Marine  
  119  25:55  Marine x2  
  120  26:00  Marine x2  
  120  26:01  Orbital Command  
  120  26:03  Marine  
  123  26:06  Marine x3  
  123  26:08  Marine  
  127  26:13  Marine x2  
  127  26:18  Marine x2  
  130  26:20  Starport  
  130  26:21  Marine  
  130  26:24  Marine x3  
  135  26:26  Marine  
  135  26:31  Marine x2  
  138  26:35  Marine  
  138  26:36  Marine  
  138  26:38  Marine x3  
  140  26:42  Marine x3  
  140  26:44  Marine  
  125  26:48  Marine  
  125  26:49  Marine  
  125  26:53  Marine  
  125  26:54  Marine  
  105  26:56  Marine x2  
Show
View Real Time Build Order
Export as new Build Order

PiLiPiLi Protoss 

Build Orders: 1 Gate Expand, Oracle Opening, Carriers 

Get SALT Encoding   

  12  0:00  Probe  
  13  0:12  Probe  
  14  0:17  Pylon  
  14  0:24  Probe (Chrono Boost)  
  15  0:37  Probe (Chrono Boost), Gateway  
  16  0:44  Probe (Chrono Boost)  
  16  0:45  Assimilator  
  17  0:51  Probe  
  18  1:03  Probe  
  19  1:15  Probe  
  20  1:22  Nexus  
  20  1:31  Cybernetics Core  
  20  1:34  Probe  
  20  1:39  Assimilator  
  21  1:46  Probe  
  22  1:49  Pylon  
  22  1:58  Probe  
  23  2:05  Adept (Chrono Boost)  
  24  2:10  Probe  
  25  2:16  Stargate  
  25  2:23  Probe  
  25  2:27  Adept  
  28  2:34  Probe  
  28  2:35  Probe  
  30  2:38  Warp Gate  
  30  2:46  Probe  
  30  2:51  Probe  
  31  2:58  Probe  
  31  3:04  Shield Battery  
  32  3:08  Probe  
  32  3:09  Void Ray (Chrono Boost)  
  37  3:18  Probe  
  37  3:21  Probe  
  37  3:27  Gateway  
  38  3:30  Pylon  
  38  3:31  Probe  
  39  3:35  Probe  
  39  3:38  Oracle  
  43  3:43  Probe  
  43  3:47  Probe  
  45  3:52  Pylon  
  45  3:55  Probe, Assimilator  
  46  3:58  Assimilator  
  46  3:59  Probe  
  48  4:10  Probe (Chrono Boost)  
  48  4:11  Probe (Chrono Boost), Pylon  
  49  4:21  Probe (Chrono Boost)  
  49  4:22  Probe (Chrono Boost)  
  55  4:25  Void Ray  
  55  4:28  Probe (Chrono Boost)  
  55  4:30  Probe (Chrono Boost)  
  55  4:31  Adept  
  59  4:33  Probe (Chrono Boost)  
  60  4:39  Fleet Beacon  
  60  4:41  Probe  
  61  4:47  Pylon  
  61  4:49  Probe  
  62  4:55  Probe  
  62  4:59  Stargate  
  63  5:01  Adept  
  63  5:02  Pylon  
  63  5:03  Adept  
  65  5:12  Shield Battery  
  65  5:16  Shield Battery  
  65  5:24  Adept x2  
  65  5:25  Carrier (Chrono Boost)  
  73  5:36  Probe x2  
  75  5:46  Nexus  
  75  5:47  Pylon  
  75  5:56  Carrier (Chrono Boost)  
  81  6:05  Probe  
  81  6:06  Sentry  
  81  6:07  Probe  
  85  6:16  Pylon  
  85  6:17  Probe  
  86  6:20  Probe  
  86  6:24  Carrier (Chrono Boost), Robotics Facility  
  87  6:30  Probe  
  94  6:34  Probe  
  94  6:37  Pylon  
  95  6:43  Probe  
  95  6:46  Probe  
  97  6:47  Pylon  
  97  6:51  Protoss Air Weapons Level 1  
  97  6:53  Stalker  
  97  6:54  Stalker  
  99  7:17  Adept x2  
  99  7:31  Carrier  
  99  7:34  Observer  
  100  7:37  Zealot  
  100  7:39  Zealot  
  98  7:48  Probe x2  
  98  7:49  Probe, Forge  
  101  7:51  Assimilator  
  101  7:52  Gateway  
  101  7:53  Carrier, Gateway  
  101  7:55  Robotics Bay  
  101  7:57  Gateway  
  107  7:59  Pylon  
  107  8:00  Zealot x2, Probe x2  
  107  8:05  Probe  
  114  8:08  Pylon  
  112  8:21  Zealot  
  112  8:22  Zealot  
  116  8:36  Carrier  
  116  8:39  Photon Cannon  
  122  8:43  Colossus (Chrono Boost), Photon Cannon  
  122  8:47  Extended Thermal Lance  
  128  8:52  Photon Cannon  
  128  8:55  Photon Cannon  
  128  8:57  Sentry, Photon Cannon  
  130  9:13  Carrier  
  136  9:20  Zealot x5  
  146  9:38  Colossus  
  146  9:39  Pylon  
  149  9:54  Carrier (Chrono Boost)  
  155  10:00  Nexus  
  155  10:01  Shield Battery  
  155  10:09  Protoss Shields Level 1, Pylon  
  155  10:11  Probe x2  
  155  10:12  Probe  
  156  10:25  Colossus  
  156  10:30  Photon Cannon  
  156  10:31  Photon Cannon  
  162  10:42  Pylon  
  162  10:44  Pylon  
  162  10:46  Pylon x2  
  162  10:50  Sentry  
  162  10:51  Photon Cannon  
  162  10:52  Pylon  
  163  11:08  Photon Cannon  
  163  11:10  Zealot x2  
  166  11:13  Zealot x2  
  166  11:17  Stalker  
  156  11:34  Stalker  
  156  11:35  Stalker x3  
  163  11:45  Carrier x2  
  175  12:12  Zealot x5  
  130  12:33  Stalker x2  
  130  12:34  Stalker x2  
  122  12:54  Nexus  
  122  13:08  Zealot x4  
  122  13:09  Zealot  
  132  13:17  Probe  
  127  13:41  Robotics Facility  
  127  13:51  Robotics Facility  
  124  14:07  Protoss Air Weapons Level 2  
  124  14:08  Probe x3  
  127  14:10  Probe  
  140  14:19  Stargate  
  140  14:20  Tempest x2, Probe  
  139  14:25  Probe x2, Assimilator  
  139  14:28  Photon Cannon  
  139  14:29  Probe, Assimilator  
  139  14:30  Shield Battery  
  142  14:32  Probe  
  143  14:51  Disruptor (Chrono Boost)  
  143  14:53  Disruptor (Chrono Boost)  
  143  14:54  Nexus  
  143  14:56  Pylon  
  149  15:00  Pylon  
  149  15:04  Pylon  
  149  15:07  Tempest  
  154  15:16  Disruptor (Chrono Boost)  
  154  15:18  Disruptor (Chrono Boost)  
  154  15:20  Photon Cannon  
  160  15:22  Shield Battery  
  160  15:27  Tempest (Chrono Boost)  
  165  15:35  Probe  
  166  15:36  Photon Cannon  
  166  15:37  Photon Cannon  
  166  15:39  Probe  
  166  15:40  Probe  
  166  15:53  Zealot x4  
  166  15:54  Zealot  
  164  16:16  Zealot  
  164  16:17  Zealot x4  
  173  16:24  Probe  
  173  16:25  Probe x2  
  176  16:26  Tempest x2  
  184  16:36  Robotics Facility  
  180  16:45  Photon Cannon  
  178  16:47  Shield Battery  
  178  16:48  Zealot  
  178  16:49  Zealot x2  
  184  17:12  Zealot x3  
  184  17:13  Tempest x2  
  196  17:17  Observer, Robotics Bay  
  197  17:33  Zealot  
  199  17:41  Twilight Council  
  199  18:02  Probe  
  198  18:11  Photon Cannon  
  198  18:14  Photon Cannon  
  198  18:16  Photon Cannon  
  167  18:32  Disruptor (Chrono Boost), Zealot x2  
  157  18:50  Gateway  
  157  18:52  Gateway  
  155  19:05  Colossus (Chrono Boost)  
  150  19:18  Forge, Pylon  
  150  19:21  Gateway, Pylon  
  150  19:24  Gateway  
  150  19:36  Protoss Air Weapons Level 3  
  150  19:50  Colossus (Chrono Boost)  
  141  20:17  Zealot x3  
  147  20:21  Pylon  
  141  20:35  Disruptor  
  141  20:37  Probe  
  145  20:46  Tempest  
  145  20:49  Probe  
  151  21:10  Stalker  
  151  21:11  Stalker x2  
  154  21:24  Stalker  
  156  21:29  Carrier  
  156  21:34  Disruptor (Chrono Boost)  
  165  21:53  Photon Cannon  
  165  21:56  Shield Battery  
  165  22:00  Disruptor (Chrono Boost)  
  165  22:01  Stalker x4  
  176  22:09  Pylon  
  158  22:39  Zealot x4  
  130  22:57  Disruptor  
  117  23:01  Assimilator  
  117  23:04  Probe, Assimilator  
  118  23:08  Assimilator  
  118  23:28  Zealot x4  
  118  23:31  Nexus  
  118  23:32  Disruptor  
  129  23:34  Pylon  
  97  24:12  Stalker x4  
  95  24:19  Probe x2  
  95  24:21  Probe  
  98  24:27  Probe  
  99  24:31  Probe  
  99  24:32  Probe  
  101  24:41  Colossus (Chrono Boost)  
  107  24:56  Zealot x2  
  107  24:59  Shield Battery  
  96  25:12  Stalker  
  98  25:24  Zealot  
  98  25:25  Zealot x2  
  98  25:26  Disruptor (Chrono Boost)  
  107  25:32  Carrier (Chrono Boost)  
  113  25:37  Zealot  
  113  25:41  Photon Cannon  
  115  26:01  Zealot x4  
  123  26:05  Disruptor  
  123  26:08  Robotics Facility  
  126  26:12  Assimilator  
  126  26:15  Assimilator  
  126  26:24  Zealot x4  
  132  26:45  Zealot  
  132  26:46  Zealot x3  
  79  27:04  Zealot x4  
Tags
 
Add a new tag
Caveats
  • Supply blocks, unpowered buildings, or Contaminate may cause inaccurate times.
  • Supply counts are checked every 10 seconds.